 Dungeon Crawl Stone Soup version 0.17.1-1-g73c8601 (webtiles) character file.

88 Glider the Insei (level 4, -1/21 HPs)
             Began as a Vine Stalker Transmuter on Jan 9, 2016.
             Slain by a hobgoblin
             ... wielding a +0 club
             ... led by Robin
              (6 damage)
             ... on level 2 of the Dungeon.
             The game lasted 00:05:55 (1625 turns).

Glider the Insei (Vine Stalker Transmuter)          Turns: 1625, Time: 00:05:55

Health: -1/21      AC:  2    Str: 12    XL:     4   Next: 53%
Magic:  0/8        EV: 12    Int: 14    God:
Gold:   51         SH:  0    Dex: 15    Spells: 3 memorised, 1 level left

rFire  . . .     SeeInvis .       - Unarmed
rCold  . . .     Clarity  .     b - +0 robe
rNeg   . . .     SustAt   .     (no shield)
rPois  .         Gourm    .     (no helmet)
rElec  .         Spirit   +     (no cloak)
rCorr  .         Warding  .     (no gloves)
rMut   .         Stasis   .     (no boots)
MR     .....                    (no amulet)
Stlth  +.........               (no ring)
                                (no ring)

@: not resistant to hostile enchantments, very unstealthy
A: fangs 2, regeneration 1, magic shield, antimagic bite, no device heal 3, rot
immunity
a: no special abilities


You were on level 2 of the Dungeon.
You were not hungry.

You visited 1 branch of the dungeon, and saw 2 of its levels.

You collected 51 gold pieces.

Inventory:

Missiles
 a - 60 arrows
Armour
 b - a +0 robe (worn)
Scrolls
 e - 2 scrolls of remove curse {unknown}
 g - 3 scrolls of teleportation {unknown}
 h - a scroll of magic mapping {unknown}
 i - a scroll of fear {unknown}
 j - 2 scrolls of identify {unknown}
Potions
 f - 2 potions of curing {unknown}
 l - a potion of brilliance {unknown}
 m - a potion of might {unknown}
Books
 c - a book of Changes

   Spells                             Type                      Level
   a - Beastly Appendage              Transmutation                1
   b - Sticks to Snakes               Transmutation                2
   c - Spider Form                    Transmutation/Poison         3
   d - Ice Form                       Ice/Transmutation            4
   e - Blade Hands                    Transmutation                5
Comestibles
 d - a bread ration


   Skills:
 - Level 0.8 Fighting
 - Level 1.5 Dodging
 - Level 4.0 Unarmed Combat
 - Level 2.1 Spellcasting
 * Level 3.1 Transmutations
 * Level 1.7 Poison Magic


You had one spell level left.
You knew the following spells:

 Your Spells              Type           Power        Failure   Level  Hunger
a - Beastly Appendage     Trmt           ##....       10%         1    #......
b - Sticks to Snakes      Trmt           ##........   12%         2    ###....
c - Spider Form           Trmt/Pois      #.........   30%         3    ###....


Dungeon Overview and Level Annotations

Branches:
Dungeon (2/15)

Altars:
The Shining One

Annotations:
D:2 Robin


Innate Abilities, Weirdness & Mutations

You have extremely sharp teeth.
Your natural rate of healing is unusually fast.
When hurt, damage is shared between your health and your magic reserves.
Your bite disrupts and absorbs the magic of your enemies.
Potions and wands cannot restore your health.
You are immune to rotting.


Message History

You kill the goblin!
Your transformation has ended.
Your +0 robe unmelds from your body.
The hobgoblin barely misses you.
Things that are here:
a club; 2 stones; a goblin corpse
There is an open gate here.
A goblin comes into view. It is wielding a hunting sling.
The goblin shouts!
The goblin shoots a stone.
The stone closely misses you.
The goblin shoots a stone.
The stone hits you.
You see here a stone.
Casting: Spider Form
Confirm with . or Enter, or press ? or * to list all spells.
You don't have enough magic to cast that spell.
Robin hits you from afar with a trident of protection.
The hobgoblin barely misses you.
The goblin shoots a stone.
The stone hits you.
* * * LOW HITPOINT WARNING * * *
Robin hits you but does no damage. The hobgoblin hits you with a club!
You die...

####.#..# ##.##
...Kg#..# #..#
######..# ##.# ..# #..#
#)#### #.# #..#
##....### #.#
#..####≈≈...≈≈###
#.####..##≈≈≈≈...≈≈≈≈##
......≈≈≈≈≈≈##g''##≈≈≈#
..###≈≈≈≈≈≈≈#((.@.#≈≈≈#
....≈≈≈.....#..g..#...#
####≈≈......#..(..#.).#
#≈≈..##'##.....##'##
#≈≈..# ..#.)...#...#
#≈≈..# .#.....#...#
#≈≈..# #.....#...#
#+##..gg.##'##
#............#


You could see Robin, a hobgoblin (frenzied) and 2 goblins.

Vanquished Creatures
  4 adders (D:2)
  2 giant geckos (D:1)
  4 giant cockroaches
  A hobgoblin (D:2)
  3 kobolds
  3 bats (D:1)
  A giant newt (D:1)
  14 goblins
  11 jackals
  5 rats
48 creatures vanquished.

Notes
Turn   | Place    | Note
--------------------------------------------------------------
     0 | D:1      | Glider the Vine Stalker Transmuter began the quest for the Orb.
     0 | D:1      | Reached XP level 1. HP: 9/9 MP: 4/4
    87 | D:1      | Reached XP level 2. HP: 6/14 MP: 4/6
   365 | D:1      | Reached skill level 4 in Unarmed Combat
   458 | D:1      | Found a glowing golden altar of the Shining One.
   579 | D:1      | Reached XP level 3. HP: 17/17 MP: 7/7
   583 | D:1      | Learned a level 2 spell: Sticks to Snakes
   587 | D:1      | Learned a level 3 spell: Spider Form
  1019 | D:2      | Reached skill level 1 in Poison Magic
  1121 | D:2      | Reached XP level 4. HP: 17/21 MP: 5/8
  1241 | D:2      | Noticed Robin
  1276 | D:2      | HP: 1/21 [goblin/stone[Robin] (4)]
  1625 | D:2      | Slain by a hobgoblin

Action                   |  1- 3 |  4- 6 || total
-------------------------+-------+-------++-------
Melee: Unarmed           |    95 |    48 ||   143
 Cast: Beastly Appendage |    14 |     4 ||    18
       Spider Form       |       |     3 ||     3
 Stab: Sleeping          |       |     1 ||     1
  Eat: Chunk             |     1 |     2 ||     3
